 Dungeon Crawl Stone Soup version 0.30.1-4-g462c640d31 (webtiles) character file.

Game seed: 10610501454063065635

1361 coolio the Chopper (level 8, -9/60 HPs)
             Began as a Demonspawn Fighter on Aug 18, 2023.
             Was a Follower of Qazlal.
             Killed by divine providence
             ... invoked by an orc priest
              (14 damage)
             ... on level 6 of the Dungeon.
             The game lasted 00:05:56 (4721 turns).

coolio the Chopper (Demonspawn Fighter)             Turns: 4721, Time: 00:05:56

Health: -9/60      AC: 20    Str: 19    XL:     8   Next: 37%
Magic:  12/12      EV:  8    Int: 10    God:    Qazlal [*.....]
Gold:   271        SH:  6    Dex: 12    Spells: 9/9 levels left

rFire   . . .        a - +0 war axe
rCold   . . .        (no shield)
rNeg    . . .        b - +0 chain mail
rPois   .            (helmet restricted)
rElec   .            (no cloak)
rCorr   .            g - +0 pair of gloves
SInv    .            (no boots)
Will    .....        h - amulet of reflection Stlth
                     (no ring)
HPRegen 0.30/turn    (no ring)
MPRegen 0.26/turn

%: reflection
@: sanguine armoured, studying Fire Magic
A: horns 1, magic regeneration, sanguine armour 2
a: Renounce Religion


You were on level 6 of the Dungeon.
You worshipped Qazlal.
Qazlal was aware of your devotion.
You visited 1 branch of the dungeon, and saw 6 of its levels.

You collected 271 gold pieces.

Inventory:

Hand Weapons
 a - a +0 war axe (weapon)
Armour
 b - a +0 chain mail (worn)
 g - a +0 pair of gloves (worn)
Jewellery
 h - an amulet of reflection (around neck)
 q - a ring of wizardry
 z - a ring of wizardry
Wands
 c - a wand of charming (9)
Scrolls
 f - 5 scrolls of identify
 i - 2 scrolls of fog
 k - a scroll of vulnerability {unknown}
 n - a scroll of fear {unknown}
 p - 3 scrolls of poison {unknown}
 s - a scroll of enchant armour {unknown}
 t - a scroll of blinking {unknown}
 w - 3 scrolls of teleportation {unknown}
 y - a scroll of noise {unknown}
 A - a scroll of amnesia {unknown}
Potions
 d - 2 potions of might
 e - 3 potions of curing
 j - a potion of ambrosia {unknown}
 l - a potion of magic {unknown}
 m - a potion of heal wounds {unknown}
 o - 2 potions of flight {unknown}
 r - a potion of berserk rage {unknown}
 u - a potion of cancellation {unknown}
 v - 2 potions of degeneration {unknown}
 x - 2 potions of mutation {unknown}
 B - 2 potions of brilliance {unknown}


   Skills:
 - Level 4.0 Fighting
 * Level 6.6 Axes
 + Level 5.2 Armour
 - Level 2.6 Shields
 + Level 1.0 Spellcasting
 * Level 2.5 Fire Magic
 + Level 5.5 Invocations


You had 9 spell levels left.
You didn't know any spells.
Your spell library contained the following spells:

 Spells                   Type           Power      Damage    Failure   Level
 Summon Small Mammal      Summ           0%         N/A       95%         1
 Call Canine Familiar     Summ           0%         N/A       100%        3
 Summon Guardian Golem    Hex/Summ       0%         N/A       100%        3
 Vhi's Electric Charge    Tloc/Air       0%         N/A       100%        3
 Arcjolt                  Conj/Air       0%         1d10      100%        5
 Maxwell's Capacitive Co  Air            0%         ∞         100%        8


Dungeon Overview and Level Annotations

Branches:
Dungeon (6/15)
 Temple: D:4-7

Altars:
Ashenzari
Qazlal
Xom


Innate Abilities, Weirdness & Mutations

You have a pair of small horns on your head.
You regenerate magic rapidly.
When seriously injured, your blood forms thick armour. (AC +9)


Message History

You block the orc priest's attack.
You barely miss the orc priest. x2
The orc priest hits you but does no damage. x2
You barely miss the orc priest. Your headbutt misses the orc priest.
You hit the orc priest.
The orc priest mumbles some strange prayers to Beogh against you.
Beogh smites you!
* * * LOW HITPOINT WARNING * * *
The orc priest hits you but does no damage.
You hit the orc priest but do no damage.
You closely miss the orc priest. The orc priest barely misses you.
The orc priest hits you with a +0 whip.
* * * LOW HITPOINT WARNING * * *
You barely miss the orc priest.
You headbutt the orc priest, but do no damage.
You closely miss the orc priest. The orc priest barely misses you.
The orc priest hits you but does no damage.
The orc priest barely misses you. The orc priest closely misses you.
You hit the orc priest.
The orc priest is heavily wounded.
You closely miss the orc priest.
The orc priest calls upon Beogh to heal the orc priest.
The orc priest is healed somewhat.
The orc priest hits you but does no damage.
You barely miss the orc priest.
The orc priest is lightly wounded.
You hit the orc priest.
You kill the orc priest!
Qazlal accepts your kill. The orc priest barely misses you.
You hit the orc priest but do no damage.
The orc priest is lightly wounded.
The orc priest calls down the wrath of Beogh upon you.
Pain shoots through your body!
* * * LOW HITPOINT WARNING * * *
You slash the orc priest!
The orc priest is almost dead.
The orc priest invokes the aid of Beogh against you.
Beogh smites you!
You die...

### #.. #.# #.#
#########.#####
#.............# #
.####.#.#####.###.#.#
#........##
#))o☼...###
.####.....#
##(@....... ##...##
#.##.####. ### ##.##
#.# # .)# #.# #.# #.#
#.# #.# #.# ##'## #.#
#.# ##...## #.#
#.###.....## #.
##.##.......#


You could see an orc priest.

Vanquished Creatures
  Pikel (D:5)
  A sky beast (D:6)
  An ogre (D:5)
  A kobold brigand (D:6)
  A scorpion (D:4)
  3 hounds
  3 orc priests (D:6)
  Ijyb (D:5)
  4 iguanas
  3 orc wizards
  7 adders
  2 worms (D:3)
  2 dart slugs
  13 orcs
  7 ball pythons
  4 endoplasms
  16 goblins
  10 hobgoblins
  2 jackals (D:2)
  7 quokkas
  3 bats
  5 frilled lizards
  14 kobolds
  5 rats
116 creatures vanquished.

Notes
Turn   | Place    | Note
-------+----------+-------------------------------------------
     0 | D:1      | coolio the Demonspawn Fighter began the quest for the Orb.
     0 | D:1      | Reached XP level 1. HP: 18/18 MP: 1/1
   112 | D:1      | Reached skill level 2 in Axes
   200 | D:1      | Found a faded altar of an unknown god.
   354 | D:1      | Gained mutation: When seriously injured, your blood forms
                  | armour. (AC +9) [demonic ancestry]
   354 | D:1      | Reached XP level 2. HP: 22/24 MP: 2/2
   849 | D:1      | Gained mutation: You have a pair of small horns on your
                  | head. [demonic ancestry]
   849 | D:1      | Reached XP level 3. HP: 29/29 MP: 3/3
  1330 | D:2      | Found a shimmering altar of Xom.
  1881 | D:3      | Reached skill level 3 in Axes
  1888 | D:3      | Gained mutation: When seriously injured, your blood forms
                  | thick armour. (AC +9) [demonic ancestry]
  1888 | D:3      | Reached XP level 4. HP: 28/35 MP: 4/4
  2030 | D:3      | Found a stormy altar of Qazlal.
  2039 | D:3      | Found a broken altar of Ashenzari.
  2046 | D:3      | Became a worshipper of Qazlal Stormbringer
  2220 | D:3      | Reached skill level 1 in Invocations
  2224 | D:3      | Reached XP level 5. HP: 36/42 MP: 5/5
  2584 | D:4      | Reached * piety under Qazlal
  2814 | D:4      | Reached skill level 4 in Axes
  3119 | D:4      | Reached XP level 6. HP: 46/48 MP: 7/7
  3260 | D:5      | Entered Level 5 of the Dungeon
  3499 | D:5      | Noticed Ijyb
  3625 | D:5      | Killed Ijyb
  3729 | D:5      | Noticed Pikel
  3738 | D:5      | Killed Pikel
  3739 | D:5      | Reached skill level 6 in Axes
  3739 | D:5      | Reached XP level 7. HP: 44/54 MP: 8/10
  3996 | D:5      | Reached skill level 5 in Armour
  3996 | D:5      | Reached skill level 5 in Invocations
  3996 | D:5      | Gained mutation: You regenerate magic rapidly. [demonic
                  | ancestry]
  3996 | D:5      | Reached XP level 8. HP: 31/60 MP: 11/11
  4265 | D:6      | Identified a scroll of acquirement
  4266 | D:6      | Acquired a manual of Fire Magic
  4390 | D:6      | Reached skill level 1 in Fire Magic
  4712 | D:6      | Reached skill level 1 in Spellcasting
  4721 | D:6      | Killed from afar by an orc priest

Illustrated notes

Levels and vault maps discovered:
D:1:      scummos_arrival_gate, layout_basic,
          ebering_ecumenical_altar_sacrificial, minmay_misc_feat_roman
D:2:      layout_loops_corners, basic_altar
D:3:      layout_basic, gammafunk_temple_overflow_forgotten,
          minmay_joined_circles
D:4:      layout_loops_ring
D:5:      layout_gridville, uniq_ijyb, uniq_pikel
D:6:      cheibrodos_thug_alley, layout_loops_corners, grunt_nemelex_the_gamble,
          minmay_temple_entry_enclosed_plants, nicolae_ossuary_entry_catacombs

Skill      XL: |  1  2  3  4  5  6  7  8 |
---------------+-------------------------+-----
Axes           | 2 3 4 6 |  6.6
Armour         | 3 4 5 |  5.2
Invocations    | 1 2 4 5 |  5.5
Fighting       | 4 |  4.0
Fire Magic     | 2 |  2.5
Spellcasting   | 1 |  1.0
Shields        | |  2.6

Action                     |  1- 3 |  4- 6 |  7- 9 || total
---------------------------+-------+-------+-------++-------
  Melee: War axe           |   106 |   184 |    78 ||   368
         Headbutt          |     5 |    23 |    14 ||    42
         Punch             |     1 |     1 |       ||     2
         Unarmed           |       |    17 |       ||    17
    Use: Potion            |       |     3 |     1 ||     4
         Scroll            |       |       |     3 ||     3
 Armour: Chain mail        |    68 |   109 |    37 ||   214
         Scale mail        |     6 |       |       ||     6
         Skin              |       |     1 |       ||     1
  Dodge: Dodged            |    38 |    62 |    25 ||   125
  Block: Other             |    14 |    44 |    17 ||    75
         Reflection        |     1 |       |       ||     1
